 Dungeon Crawl Stone Soup version 0.29.1-1-gd02db6906a (webtiles) character file.

Game seed: 11825755493467423767

940 hawla the Arsonist (level 8, -1/58 HPs)
             Began as a Meteoran Fire Elementalist on Oct 18, 2022.
             Slain by Edmund
             ... wielding a +2 flail of protection
              (8 damage)
             ... on level 5 of the Dungeon.
             The game lasted 00:12:22 (2390 turns).

hawla the Arsonist (Meteoran Fire Elementalist)     Turns: 2390, Time: 00:12:22

Health: -1/58      AC:  2    Str: 10    XL:     8   Next: 60%
Magic:  0/17       EV: 13    Int: 19    God:
Gold:   1216       SH:  0    Dex: 16    Spells: 11/18 levels left

rFire   . . .      SeeInvis +   t - +4 short sword "Xinayng" {flame, *Slow rN+++ Dex+2 Stlth+}
rCold   . . .      Faith    .   (no shield)
rNeg    + + +      Spirit   .   a - +0 robe
rPois   .          Reflect  .   (no helmet)
rElec   .          Harm     .   (no cloak)
rCorr   +          Rampage  .   (no gloves)
Will    +....                   (no boots)
Stlth   +.........              f - amulet of the acrobat
HPRegen 0.19/turn               k - ring of see invisible
MPRegen 0.15/turn               g - ring of resist corrosion

@: about to teleport, glowing
A: sense surroundings 1, otherworldly, glowing, explore regen
a: no special abilities


You were on level 5 of the Dungeon.
You visited 1 branch of the dungeon, and saw 5 of its levels.

You collected 1216 gold pieces.

Inventory:

Hand Weapons
 t - the +4 short sword "Xinayng" (weapon) {flame, *Slow rN+++ Dex+2 Stlth+}
   (You found it on level 3 of the Dungeon)

   It burns those it strikes, dealing additional fire damage.
   Dex:       It affects your dexterity (+2).
   rN:        It renders you almost immune to negative energy.
   *Slow:     It may slow you when you take damage.
   Stlth:     It makes you more stealthy.
Armour
 a - a +0 robe (worn)
Magical Staves
 p - a staff of air
Jewellery
 f - an amulet of the acrobat (around neck)
 g - a ring of resist corrosion (right hand)
 j - an amulet of regeneration
 k - a ring of see invisible (left hand)
 s - a ring of flight
Wands
 o - a wand of roots (9)
Scrolls
 c - a scroll of noise
 n - 4 scrolls of immolation
Potions
 b - a potion of magic
 d - a potion of resistance {unknown}
 h - 4 potions of curing {unknown}
 i - a potion of haste
 l - a potion of cancellation
 m - 2 potions of might
 r - 2 potions of flight {unknown}
 u - a potion of heal wounds


   Skills:
 + Level 0.5 Fighting
 + Level 0.8 Staves
 + Level 3.2 Dodging
 - Level 1.4 Stealth
 + Level 5.9 Spellcasting
 + Level 4.6 Conjurations
 + Level 8.5 Fire Magic


You had 11 spell levels left.
You knew the following spells:

 Your Spells              Type           Power      Damage    Failure   Level
a - Foxfire               Conj/Fire      100%       2x1d9     1%          1
b - Scorch                Fire           76%        2d8       1%          2
c - Flame Wave            Conj/Fire      30%        2d9       8%          4

Your spell library contained the following spells:

 Spells                   Type           Power      Damage    Failure   Level
 Conjure Flame            Conj/Fire      30%        6-21      2%          3
 Inner Flame              Hex/Fire       21%        N/A       6%          3
 Summon Small Mammal      Summ           20%        N/A       12%         1
 Call Canine Familiar     Summ           5%         N/A       34%         3
 Summon Guardian Golem    Hex/Summ       5%         N/A       34%         3


Dungeon Overview and Level Annotations

Branches:
Dungeon (5/15) Zot: 609
 Temple: D:4-7

Altars:
Fedhas
Kikubaaqudgha
Nemelex Xobeh

Annotations:
D:5 Edmund


Innate Abilities, Weirdness & Mutations

You passively map a small area around you.
You are easily found by Zot.
You glow in the dark.
You regain HP and MP as you explore.


Message History

Casting: Scorch (safe; 1% risk of failure)
Confirm with . or Enter, or press ? or * to list all spells.
You conjure some foxfire!
Edmund hits you with a +2 flail of protection.
You hit Edmund but do no damage.
Edmund is heavily wounded.
The foxfire hits Edmund.
Edmund is heavily wounded.
The foxfire hits Edmund.
Edmund is heavily wounded.
Edmund hits you with a +2 flail of protection! x2
Unknown command.
Casting: Foxfire (safe; 1% risk of failure)
Confirm with . or Enter, or press ? or * to list all spells.
You conjure some foxfire!
Edmund hits you with a +2 flail of protection!
Unknown command.
You feel agile.
The +4 short sword "Xinayng" {flame, *Slow rN+++ Dex+2 Stlth+} bursts into flame!
t - the +4 short sword "Xinayng" (weapon)
{flame, *Slow rN+++ Dex+2 Stlth+} The foxfire hits Edmund but does no damage.
Edmund is heavily wounded.
The foxfire hits Edmund.
Edmund is severely wounded.
You hit Edmund. You burn Edmund.
Edmund is severely wounded.
Edmund hits you with a +2 flail of protection!
* * * LOW HITPOINT WARNING * * *
Okay, then.
Okay, then.
Really read the scroll of immolation?
As you read the scroll of immolation, it crumbles to dust.
The creatures around you are filled with an inner flame!
Edmund closely misses you.
Okay, then.
As you read the scroll of teleportation, it crumbles to dust.
You feel strangely unstable. The water moccasin zombie bites you.
* * * LOW HITPOINT WARNING * * *
Edmund hits you with a +2 flail of protection!
You die...

* , , , ,, ,*...
,, ###* , , ..
..# , , * .. *
#..* * ,, ,
.####..###./ ,
...#..#....., ,
##........... *
, #..!@....... ,
** ##..@Z.).....
, ,
####.........#.,
,,,
.........<..##
............#
,###.........#
,, * #.........#
...........# ,,
.............. ,
*
:....#.##.......
*


You could see Edmund (inner flame) and a water moccasin zombie (inner flame).

Vanquished Creatures
  Sigmund (D:3)
  A sky beast (D:4)
  Blork the orc (D:5)
  A gnoll sergeant (D:4)
  A scorpion (D:5)
  A bullfrog zombie (D:5)
  A gnoll bouda (D:4)
  4 hounds
  A jelly (D:5)
  2 orc priests (D:4)
  An iguana (D:4)
  8 gnolls (D:4)
  3 adders
  2 ufetubi
  2 worms
  3 dart slugs
  8 orcs
  8 ball pythons
  7 bats
  13 endoplasms
  5 goblins
  7 hobgoblins
  A jackal (D:2)
  A quokka (D:1)
  3 frilled lizards
  5 kobolds
  7 rats
98 creatures vanquished.

Vanquished Creatures (collateral kills)
  A foxfire (D:3)
1 creature vanquished.

Vanquished Creatures (others)
  146 foxfires
  4 plants (D:3)
150 creatures vanquished.

Grand Total: 249 creatures vanquished

Notes
Turn   | Place    | Note
-------+----------+-------------------------------------------
     0 | D:1      | hawla the Meteoran Fire Elementalist began the quest for
                  | the Orb.
     0 | D:1      | Reached XP level 1. HP: 14/14 MP: 5/5
    34 | D:1      | Reached skill level 4 in Fire Magic
    74 | D:1      | Reached XP level 2. HP: 20/20 MP: 3/6
   169 | D:1      | Learned a level 2 spell: Scorch
   221 | D:1      | Reached XP level 3. HP: 26/26 MP: 6/8
   500 | D:1      | Glimpsed the power of Zot.
   734 | D:2      | Reached XP level 4. HP: 33/33 MP: 2/10
   739 | D:2      | Learned a level 4 spell: Flame Wave
   806 | D:2      | Reached skill level 5 in Fire Magic
  1101 | D:2      | Glimpsed the power of Zot.
  1151 | D:2      | Glimpsed the power of Zot.
  1317 | D:3      | Found a blossoming altar of Fedhas.
  1353 | D:3      | Identified the +4 short sword "Xinayng" {flame, *Slow rN+++
                  | Dex+2 Stlth+}
  1355 | D:3      | Noticed Sigmund
  1360 | D:3      | Killed Sigmund
  1361 | D:3      | Reached skill level 6 in Fire Magic
  1361 | D:3      | Reached XP level 5. HP: 26/38 MP: 1/11
  1361 | D:3      | Reached XP level 6. HP: 31/45 MP: 1/12
  1482 | D:3      | Found a faded altar of an unknown god.
  1702 | D:3      | Glimpsed the power of Zot.
  1785 | D:4      | Identified a scroll of acquirement
  1785 | D:4      | Acquired 1016 gold pieces
  1793 | D:4      | Reached skill level 7 in Fire Magic
  1793 | D:4      | Noticed a sky beast
  1800 | D:4      | Killed a sky beast
  1801 | D:4      | Reached XP level 7. HP: 50/50 MP: 2/13
  2007 | D:4      | Found a sparkling altar of Nemelex Xobeh.
  2161 | D:4      | Found an ancient bone altar of Kikubaaqudgha.
  2300 | D:4      | Glimpsed the power of Zot.
  2303 | D:4      | Reached skill level 8 in Fire Magic
  2303 | D:4      | Reached XP level 8. HP: 25/57 MP: 8/16
  2309 | D:5      | Entered Level 5 of the Dungeon
  2316 | D:5      | Reached skill level 5 in Spellcasting
  2345 | D:5      | Noticed Blork the orc
  2361 | D:5      | Killed Blork the orc
  2376 | D:5      | Noticed Edmund
  2390 | D:5      | Slain by Edmund

Illustrated notes

Levels and vault maps discovered:
D:1:      onia_arrival_handbag, layout_basic, minmay_pentomino_s2
D:2:      kennysheep_big_flooded_room, layout_basic
D:3:      layout_rooms, nicolae_overflow_crystal_walls,
          dreamdust_ecumenical_altar_angels_and_demons, serial_forest,
          infiniplex_forest_end_3, infiniplex_forest_clump_small,
          infiniplex_forest_straight_2, infiniplex_forest_straight_1,
          infiniplex_forest_lined_room_3, infiniplex_forest_end_2,
          infiniplex_forest_clump_curved, uniq_sigmund
D:4:      layout_layer_cave, mainiacjoe_overflow_cross_hatched,
          nemelex_xobeh_ov_fountains_minmay, serial_bayou_pond_c,
          kennysheep_pointless_box
D:5:      layout_cave_pools, nicolae_yredelemnul_corpse_copse,
          minmay_temple_entry_nine_rooms, due_unseen_surprise,
          uniq_blork_the_orc, uniq_edmund

Skill      XL: |  1  2  3  4  5  6  7  8 |
---------------+-------------------------+-----
Fire Magic     | 4 6 7 8 |  8.5
Spellcasting   | 3 4 5 |  5.9
Conjurations   | 3 4 |  4.6
Dodging        | 3 |  3.2
Fighting       | |  0.5
Staves         | |  0.8
Stealth        | |  1.4

Action                   |  1- 3 |  4- 6 |  7- 9 || total
-------------------------+-------+-------+-------++-------
Melee: Unarmed           |     6 |     3 |       ||     9
       Staff             |       |       |    13 ||    13
       Short sword       |       |       |     1 ||     1
 Cast: Foxfire           |    36 |    29 |    22 ||    87
       Scorch            |    10 |    13 |    25 ||    48
       Flame Wave        |       |     3 |     7 ||    10
  Use: Scroll            |       |    10 |     4 ||    14
Armor: Robe              |     7 |     1 |     5 ||    13
Dodge: Dodged            |     6 |    12 |    65 ||    83
